 Dungeon Crawl Stone Soup version 0.29.1-2-gbd0b4ee654 (webtiles) character file.

Game seed: 11195279598691587281

184 kingsuperguy the Chopper (level 5, -2/70 HPs)
             Began as a Minotaur Berserker on Nov 28, 2022.
             Was a Believer of Trog.
             Slain by Duvessa
             ... wielding a +0 short sword
              (4 damage)
             ... on level 3 of the Dungeon.
             The game lasted 00:03:36 (3155 turns).

kingsuperguy the Chopper (Minotaur Berserker)       Turns: 3155, Time: 00:03:37

Health: -2/70      AC: 10    Str: 24    XL:     5   Next: 36%
Magic:  4/4        EV:  9    Int:  4    God:    Trog [**....]
Gold:   64         SH:  0    Dex:  9    Spells: 4/4 levels left

rFire   . . .      SeeInvis .   z - +0 war axe
rCold   . . .      Faith    .   (no shield)
rNeg    . . .      Spirit   .   q - +0 chain mail
rPois   +          Reflect  .   (helmet restricted)
rElec   .          Harm     .   k - +0 cloak
rCorr   +          Rampage  .   (no gloves)
Will    .....                   (no boots)
Stlth   ..........              (no amulet)
HPRegen 0.21/turn               m - ring of resist corrosion
MPRegen 0.09/turn               p - ring of poison resistance

@: berserking (expiring), lit by a corona, weakened, glowing, very quick
A: horns 2, retaliatory headbutt
a: Renounce Religion, Berserk, Trog's Hand


You were on level 3 of the Dungeon.
You worshipped Trog.
Trog was pleased with you.
You visited 1 branch of the dungeon, and saw 4 of its levels.

You collected 64 gold pieces.

Inventory:

Hand Weapons
 a - a +0 hand axe
 v - a +4 dagger of venom
 z - a +0 war axe (weapon)
Missiles
 g - 4 curare-tipped darts (quivered)
Armour
 b - a +0 animal skin
 k - a +0 cloak (worn)
 q - a +0 chain mail (worn)
 w - a +0 pair of boots
 x - a scarf of invisibility
Jewellery
 m - a ring of resist corrosion (left hand)
 p - a ring of poison resistance (right hand)
Scrolls
 c - a scroll of identify {unknown}
 d - 3 scrolls of noise {unknown}
 j - 3 scrolls of fear {unknown}
 s - a scroll of immolation {unknown}
 t - 2 scrolls of teleportation {unknown}
 y - 2 scrolls of magic mapping {unknown}
Potions
 e - a potion of flight {unknown}
 f - a potion of magic {unknown}
 h - 2 potions of cancellation {unknown}
 i - a potion of mutation {unknown}
 l - 3 potions of heal wounds {unknown}
 n - a potion of lignification {unknown}
 o - a potion of haste {unknown}
 r - a potion of curing
 u - a potion of might {unknown}


   Skills:
 + Level 4.8 Fighting
 + Level 5.2 Axes
 + Level 3.3 Armour
 + Level 3.3 Dodging
 + Level 0.9 Stealth


You had 4 spell levels left.
You didn't know any spells.
Your spell library was empty.

Dungeon Overview and Level Annotations

Branches:
Dungeon (4/15)
 Temple: D:4-7

Altars:

Annotations:
D:3 Dowan, Duvessa


Innate Abilities, Weirdness & Mutations

You have a pair of horns on your head.
You reflexively headbutt those who attack you in melee.


Message History

You barely miss Dowan. You hit the gnoll bouda. You slash the gnoll!
You kill the gnoll!
Trog accepts your kill.
The gnoll hits you from afar with a +0 halberd.
Dowan hits you with a +0 dagger. The grasping roots constrict you.
Duvessa hits you with a +0 short sword. The gnoll bouda closely misses you.
The grasping roots release their grip on you.
You hit Duvessa.
Duvessa is almost dead.
You barely miss the gnoll. You slash the hound! You closely miss Dowan.
You closely miss the gnoll bouda. The hound bites you.
The gnoll hits you from afar with a +0 halberd.
The gnoll hits you with a +0 flail.
* * * LOW HITPOINT WARNING * * *
The hound bites you but does no damage.
Duvessa drinks a potion.
Duvessa is healed!
Dowan's robes are whipped around by a magical breeze.
Dowan hits you with a +0 dagger.
* * * LOW HITPOINT WARNING * * *
The gnoll bouda gazes fiercely through you!
You feel as though you will be weak longer.
The gnoll bouda completely misses you. The hound bites you.
* * * LOW HITPOINT WARNING * * *
The gnoll hits you from afar with a +0 halberd!
* * * LOW HITPOINT WARNING * * *
The gnoll closely misses you.
You climb upwards.
You feel a strong urge to attack something.
There is a stone staircase leading down here.
You hit Duvessa.
Duvessa is almost dead.
You slash the gnoll! You slash the gnoll bouda! You hit Dowan.
You closely miss the hound.
The gnoll bouda gazes fiercely through you!
You feel as though you will be weak longer.
The gnoll bouda barely misses you. Dowan gestures at you while chanting.
You are outlined in light.
Duvessa hits you with a +0 short sword.
You die...

#.....#### #.# #..
#........# ##.#######
########.# #.........
#.###..#######
#.#...........
#######.#.#.########
#.........#.#
#.#ee##.#.#.# ####
#.#@g##.#.#.# #...
######.#hg##.#.#.# #.##
#......#..##.#.#.#####...
#.######.....#.#....)...#
#.# #.##....########.#
#.# #.###....# #.# #.#
#.#####..#######.# #.#
#................. #.#
######...#####...#


You could see Duvessa, Dowan, a gnoll bouda, a hound and a gnoll (swift).

Vanquished Creatures
  A jelly (D:3)
  An iguana (D:2)
  Jessica (D:3)
  A gnoll (D:4)
  3 adders
  6 orcs (D:3)
  9 ball pythons
  4 endoplasms
  3 giant cockroaches
  3 goblins
  5 hobgoblins
  3 kobolds (D:1)
  2 quokkas
  11 bats
  3 frilled lizards
  6 rats
62 creatures vanquished.

Notes
Turn   | Place    | Note
-------+----------+-------------------------------------------
     0 | D:1      | kingsuperguy the Minotaur Berserker began the quest for the
                  | Orb.
     0 | D:1      | Reached XP level 1. HP: 19/19 MP: 0/0
   236 | D:1      | Reached XP level 2. HP: 20/27 MP: 1/1
   399 | D:1      | Reached skill level 4 in Axes
   487 | D:1      | Reached ** piety under Trog
   861 | D:1      | Reached XP level 3. HP: 33/33 MP: 2/2
  1763 | D:2      | Found a faded altar of an unknown god.
  1868 | D:2      | Reached XP level 4. HP: 12/41 MP: 3/3
  2226 | D:3      | Noticed Jessica
  2233 | D:3      | Killed Jessica
  2610 | D:3      | Reached skill level 5 in Axes
  2610 | D:3      | Reached XP level 5. HP: 45/47 MP: 4/4
  3145 | D:4      | Noticed Duvessa
  3145 | D:4      | Noticed Dowan
  3153 | D:4      | HP: 2/70 [gnoll/+0 halberd[a gnoll bouda] (8)]
  3155 | D:3      | Slain by Duvessa

Illustrated notes

Levels and vault maps discovered:
D:1:      dpeg_arrival_three_same_balls, layout_basic
D:2:      layout_loops_corners, chequers_ecumenical_altar_twisty,
          roderic_roman_lattice
D:3:      layout_basic, uniq_jessica
D:4:      layout_rooms, uniq_natasha, uniq_robin, uniq_duvessa

Skill      XL: |  1  2  3  4 |
---------------+-------------+-----
Fighting       | 4 |  4.8
Axes           | 4 5 |  5.2
Dodging        | 3 |  3.3
Armour         | 3 |  3.3
Stealth        | |  0.9

Action                   |  1- 3 |  4- 6 || total
-------------------------+-------+-------++-------
Melee: Hand axe          |    77 |    39 ||   116
       Headbutt          |     8 |     8 ||    16
       Punch             |     1 |     1 ||     2
       War axe           |       |     7 ||     7
Invok: Berserk           |       |     1 ||     1
Armor: Animal skin       |    15 |       ||    15
       Chain mail        |    16 |    20 ||    36
Dodge: Dodged            |    54 |    20 ||    74
